 Dungeon Crawl Stone Soup version 0.20-a0-1056-g7622305 (webtiles) character file.

1814 M4edhros the Covert (level 9, -5/58 HPs)
             Began as an Octopode Artificer on Apr 26, 2017.
             Was a High Priest of Jiyva.
             Slain by a two-headed ogre
             ... wielding a +0 giant club
              (33 damage)
             ... on level 8 of the Dungeon.
             The game lasted 00:12:26 (5839 turns).

M4edhros the Covert (Octopode Artificer)            Turns: 5839, Time: 00:12:26

Health: -5/58      AC:  1    Str: 16    XL:     9   Next: 10%
Magic:  11/11      EV: 14    Int:  7    God:    Jiyva [*****.]
Gold:   221        SH: 10    Dex: 22    Spells: 8/8 levels left

rFire    + . .     SeeInvis .   I - +4 falchion of Disintegration {flame, rF+ rN+ Str+3}
rCold    . . .     Gourm    .   v - +0 shield
rNeg     + . .     Faith    .   (helmet restricted)
rPois    .         Spirit   .   (no amulet)
rElec    .         Reflect  .   s - ring of stealth
rCorr    +         Harm     .   (no ring)
MR       .....                  (no ring)
Stlth    +++++++...             (no ring)
Regen    0.2/turn               (no ring)
MPRegen  0.2/turn               (no ring)
                                (no ring)
                                (no ring)

@: no status effects
A: almost no armour, stealthy swim, amphibious, 8 rings, constrict 8, camouflage
1, strong 1, gelatinous body 1
a: Request Jelly, Slimify, Cure Bad Mutation, Renounce Religion


You were on level 8 of the Dungeon.
You worshipped Jiyva.
Jiyva was extremely pleased with you.
You were completely stuffed.

You visited 1 branch of the dungeon, and saw 8 of its levels.

You collected 221 gold pieces.

Inventory:

Hand Weapons
 a - a +0 short sword
 p - a +0 blowgun
 q - a +1 dagger of electrocution
 w - a +2 scimitar
 E - a +2 falchion of holy wrath
 I - the +4 falchion of Disintegration (weapon) {flame, rF+ rN+ Str+3}
   (You found it on level 8 of the Dungeon)

   It has been specially enchanted to burn those struck by it, causing extra
   injury to most foes and up to half again as much damage against particularly
   susceptible opponents.
   Big, fiery blades are also staple armaments of hydra-hunters.
   It affects your strength (+3).
   It protects you from fire.
   It protects you from negative energy.
Missiles
 l - 34 arrows
 n - 13 tomahawks (quivered)
 o - 46 poisoned needles
 x - 28 sling bullets
 C - 24 bolts
 F - 2 throwing nets
 G - 7 needles of confusion
Armour
 v - a +0 shield (worn)
Jewellery
 s - a ring of stealth (left tentacle)
 A - an uncursed ring of positive energy {unknown}
Wands
 b - a wand of flame (3/48)
 c - a wand of enslavement (2/24)
 d - a wand of random effects (14/48)
 t - a wand of flame (30/48)
 H - a wand of acid (7/15)
Scrolls
 e - 4 scrolls of remove curse
 g - 4 scrolls of magic mapping
 h - 4 scrolls of identify
 i - a scroll of enchant armour
 B - a scroll of immolation {unknown}
 D - 2 scrolls of fear {unknown}
Potions
 k - 2 potions of agility
 m - 2 potions of curing
 r - a potion of brilliance {unknown}
 u - 2 potions of heal wounds {unknown}
Books
 y - a book of the Warp

   Spells                             Type                      Level
   a - Gell's Gravitas                Translocation                3
   b - Portal Projectile              Hexes/Translocation          3
   c - Force Lance                    Conjuration/Translocation    4
   d - Dispersal                      Translocation                6
   e - Controlled Blink               Translocation                8
   f - Disjunction                    Translocation                8
Comestibles
 f - 7 bread rations
 j - 8 meat rations
 z - a fruit


   Skills:
 + Level 4.1 Fighting
 - Level 1.0 Short Blades
 + Level 4.3 Dodging
 - Level 11.3 Stealth
 * Level 5.5 Shields
 - Level 3.2 Evocations


You had 8 spell levels left.
You didn't know any spells.

Dungeon Overview and Level Annotations

Branches:
Dungeon (8/15)             Temple (0/1) D:7
   Lair: D:8-11

Altars:
Cheibriados
Dithmenos
Kikubaaqudgha
Yredelemnul
Zin
Jiyva


Innate Abilities, Weirdness & Mutations

You cannot wear most types of armour.
You are very stealthy in the water. (Stealth+)
You are amphibious.
You can wear up to eight rings at the same time.
You can use your tentacles to constrict eight enemies at once.
Your skin changes colour to match your surroundings (Stealth+).
Your rubbery body absorbs attacks. (AC +1, EV +1)
Your muscles are strong. (Str +2)


Message History

Unknown command.
Evoke which item? (* to show all) (? for menu, Esc to quit)
Aiming: Enslavement
Press: ? - help, Shift-Dir - straight line, f - orc warrior
Aim: an orc warrior, wielding a scimitar and wearing a plate armour (chance to defeat MR: 55%) Nothing appears to happen.
This wand has 3 charges left.
Something hits you. You block the orc warrior's attack.
Jiyva gurgles merrily.
Unknown command.
Unknown command.
Evoke which item? (* to show all) (? for menu, Esc to quit)
Aiming: Enslavement
Press: ? - help, Shift-Dir - straight line, f - two-headed ogre
Aim: a two-headed ogre, wielding a giant club and a giant spiked club (chance to defeat MR: 37%)
The two-headed ogre resists with some effort.
This wand has 2 charges left.
Something closely misses you. The two-headed ogre closely misses you.
The two-headed ogre hits you with a giant spiked club!!
Ouch! That really hurt!
You die...

........#...
...........
#..........
#%...J....
#....)...#
#.....J).###
#..O....#
#..)@...#
#..o....#
#.......#
#.......#
#.......# #
#.......# .#
#######'#####.#
#.........#
#.........#


You could see a two-headed ogre, an orc warrior and 2 neutral jellies (fellow
slime).

Vanquished Creatures
  Sigmund (D:6)
  2 steam dragons (D:7)
  3 scorpions
  A phantom (D:4)
  A black bear (D:8)
  An ogre (D:7)
  2 centaurs
  A bullfrog (D:7)
  A water moccasin skeleton (D:6)
  A bullfrog skeleton (D:5)
  5 hounds
  3 orc priests
  4 orc wizards
  2 iguanas
  3 worker ants
  3 killer bee zombies
  6 gnolls
  5 adders
  A shadow imp (D:5)
  An ooze (D:1)
  An adder zombie (D:6)
  2 dart slugs (D:1)
  2 leopard geckos
  12 orcs
  5 bats
  3 giant cockroaches (D:1)
  7 goblins
  4 hobgoblins
  6 jackals
  4 quokkas
  A ball python (D:2)
  2 frilled lizards (D:1)
  6 kobolds
  A leopard gecko skeleton (D:5)
  8 rats
  A spectral orc (D:8)
112 creatures vanquished.

Vanquished Creatures (collateral kills)
  A gnoll (D:5)
1 creature vanquished.

Vanquished Creatures (others)
  A steam dragon (D:7)
  An ogre (D:5)
  A centaur (D:6)
  2 bullfrogs (D:6)
  Blork the orc (D:5)
  12 jellies
  A crimson imp (D:7)
  A gnoll shaman (D:5)
  A hound (D:5)
  4 orc wizards
  2 worker ants
  8 gnolls
  3 adders
  An ooze (D:6)
  A worm (D:4)
  A leopard gecko (D:2)
  5 orcs
  3 bats
  A giant cockroach (D:6)
  2 goblins
  2 hobgoblins
  6 jackals
  A quokka (D:6)
  A ball python (D:6)
  A kobold (D:4)
  A rat (D:2)
64 creatures vanquished.

Grand Total: 177 creatures vanquished

Notes
Turn   | Place    | Note
-------+----------+-------------------------------------------
     0 | D:1      | M4edhros the Octopode Artificer began the quest for the Orb.
     0 | D:1      | Reached XP level 1. HP: 13/13 MP: 3/3
    74 | D:1      | Reached skill level 2 in Stealth
   361 | D:1      | Reached XP level 2. HP: 18/18 MP: 4/4
   365 | D:1      | Reached skill level 3 in Stealth
   513 | D:1      | Reached skill level 4 in Stealth
   562 | D:1      | Reached XP level 3. HP: 12/23 MP: 5/5
   590 | D:2      | Found a faded altar of an unknown god.
   604 | D:2      | Became a worshipper of Jiyva Jexyixeg the Shapeless
   604 | D:2      | Reached * piety under Jiyva
  1030 | D:1      | HP: 1/23 [poisoned by an adder]
  1388 | D:2      | Found a snail-covered altar of Cheibriados.
  1445 | D:2      | Found an ancient bone altar of Kikubaaqudgha.
  1603 | D:2      | Reached skill level 5 in Stealth
  1716 | D:2      | Reached ** piety under Jiyva
  1786 | D:2      | You fall through a shaft!
  1951 | D:3      | Reached XP level 4. HP: 25/28 MP: 6/6
  2027 | D:3      | Reached *** piety under Jiyva
  2106 | D:3      | Gained mutation: Your mind is acute. (Int +2) [Jiyva's grace]
  2492 | D:4      | Reached skill level 6 in Stealth
  2530 | D:4      | Reached skill level 7 in Stealth
  2530 | D:4      | Reached XP level 5. HP: 33/33 MP: 7/7
  2612 | D:4      | Noticed a phantom
  2634 | D:4      | Killed a phantom
  2634 | D:4      | Reached skill level 8 in Stealth
  2634 | D:4      | Reached XP level 6. HP: 17/38 MP: 8/8
  2791 | D:4      | Reached **** piety under Jiyva
  2920 | D:4      | Gained mutation: Potions are less effective at restoring your health. [Jiyva's grace]
  3033 | D:4      | Reached skill level 9 in Stealth
  3084 | D:5      | Entered Level 5 of the Dungeon
  3244 | D:5      | Reached skill level 10 in Stealth
  3244 | D:5      | Reached XP level 7. HP: 39/43 MP: 9/9
  3391 | D:5      | Noticed Blork the orc
  3426 | D:5      | Your ally died
  3655 | D:5      | Reached skill level 11 in Stealth
  3961 | D:5      | Found a glowing silver altar of Zin.
  4064 | D:6      | Reached ***** piety under Jiyva
  4086 | D:6      | Lost mutation: Your mind is acute. (Int +2) [Jiyva's grace]
  4244 | D:6      | Reached skill level 1 in Shields
  4334 | D:6      | Noticed Sigmund
  4344 | D:6      | Killed Sigmund
  4344 | D:6      | Reached XP level 8. HP: 27/50 MP: 10/10
  4656 | D:7      | Noticed Joseph
  4666 | D:7      | Slimified Joseph
  4666 | D:7      | Noticed Joseph
  4666 | D:7      | Joseph changed into Joseph the ooze
  4666 | D:7      | Gained mutation: You are partially covered in large bone plates. (SH +4) [Jiyva's grace]
  4923 | D:7      | Lost mutation: You are partially covered in large bone plates. (SH +4) [Jiyva's grace]
  4965 | D:7      | Noticed a five-headed hydra
  5072 | D:7      | Slimified a five-headed hydra
  5072 | D:7      | Noticed a slime creature
  5072 | D:7      | a five-headed hydra changed into a slime creature
  5140 | D:7      | Found a staircase to the Ecumenical Temple.
  5252 | D:7      | Reached skill level 5 in Shields
  5431 | D:7      | Lost mutation: Potions are less effective at restoring your health. [Jiyva's power]
  5533 | D:8      | Found a shadowy altar of Dithmenos.
  5543 | D:8      | Reached XP level 9. HP: 35/58 MP: 11/11
  5618 | D:8      | Found a basalt altar of Yredelemnul.
  5806 | D:8      | Got a smoking falchion
  5807 | D:8      | Identified the +4 falchion of Disintegration {flame, rF+ rN+ Str+3} (You found it on level 8 of the Dungeon)
  5833 | D:8      | Gained mutation: Your muscles are strong. (Str +2) [Jiyva's grace]
  5834 | D:8      | Noticed a two-headed ogre
  5839 | D:8      | Slain by a two-headed ogre

Vault maps used:
D:1:      evilmike_arrival_hilbert_curve, corexii_hall_statues_x
D:2:      cheibriados_altar_1, kiku_gazebo_pond_becter, first_bread,
          chequers_ecumenical_altar_simple_redux, minmay_pentomino_w2
D:5:      zin_scriptorium, uniq_blork_the_orc
D:6:      kennysheep_generic_room_6, uniq_sigmund
D:7:      cheibrodos_steamvent, minmay_temple_entry_purple_smoke,
          minmay_misc_feat_roman, grunt_ogre_cave, minmay_misc_feat_columns,
          uniq_joseph
D:8:      grunt_dithmenos_smoke, yredelemnul_forgotten_temple_becter,
          enter_bailey_3

Skill      XL: |  1  2  3  4  5  6  7  8  9 |
---------------+----------------------------+-----
Stealth        | 2 4 5 7 8 10 11 | 11.3
Shields        | 2 5 |  5.5
Fighting       | 2 3 4 |  4.1
Dodging        | 4 |  4.3
Short Blades   | |  1.0
Evocations     | |  3.2

Action                   |  1- 3 |  4- 6 |  7- 9 || total
-------------------------+-------+-------+-------++-------
Melee: Short sword       |    63 |       |       ||    63
       Constrict         |    17 |    12 |    28 ||    57
       Tentacles         |     7 |     8 |    34 ||    49
       Dagger            |    16 |    57 |    91 ||   164
       Scimitar          |       |       |    18 ||    18
       Falchion          |       |       |     7 ||     7
Invok: Request Jelly     |     1 |       |       ||     1
       Slimify           |       |       |     2 ||     2
       Cure Bad Mutation |       |       |     1 ||     1
Evoke: Wand              |     5 |     7 |    14 ||    26
  Use: Potion            |       |     2 |     2 ||     4
       Scroll            |       |       |     7 ||     7
 Stab: Sleeping          |    12 |     6 |    16 ||    34
       Distracted        |     2 |       |     1 ||     3
  Eat: Chunk             |     2 |       |       ||     2
Armor: Skin              |     9 |     5 |     2 ||    16
Dodge: Dodged            |    65 |    27 |    46 ||   138
Block: Shield            |       |       |    54 ||    54
       Rpst.: Scimitar   |       |       |     1 ||     1
       Falchion          |       |       |     1 ||     1
